Map: Nightshade LE

Players

prospeKt - Winner!

  • Race: Zerg Zerg
  • League: Platinum
  • Spawn Location: 5:00

VOD

Have the link to the VOD?

Description

Time

  • Played on: June 2, 2020, 3:23 a.m.
  • Length: 18:55
Show
View Real Time Build Order
Export as new Build Order

prospeKt Zerg - Winner!

Build Orders:  

Get SALT Encoding   

  12  0:01  Drone  
  13  0:18  Overlord  
  13  0:31  Drone  
  14  0:43  Drone x2  
  16  0:56  Drone  
  17  1:18  Drone  
  18  1:21  Hatchery  
  18  1:25  Drone  
  18  1:47  Spawning Pool  
  18  1:48  Drone  
  18  1:51  Drone  
  19  2:03  Extractor  
  19  2:04  Drone  
  19  2:19  Drone  
  20  2:36  Drone  
  21  2:50  Overlord  
  21  3:02  Drone  
  21  3:03  Queen x2  
  21  3:07  Drone  
  27  3:25  Drone x2  
  29  3:33  Drone  
  29  3:36  Overlord  
  30  3:49  Drone  
  24  3:50  Drone  
  31  3:53  Queen  
  34  4:04  Drone x2  
  36  4:20  Drone x2  
  36  4:22  Lair  
  38  4:33  Drone  
  38  4:37  Drone  
  40  4:40  Overlord  
  40  4:43  Queen  
  40  4:44  Drone x2  
  44  4:58  Overlord  
  44  5:09  Drone x5  
  49  5:14  Extractor  
  49  5:16  Roach Warren  
  47  5:23  Evolution Chamber  
  46  5:30  Drone x3  
  46  5:38  Extractor  
  48  5:47  Drone  
  48  5:48  Drone x5  
  54  5:59  Hatchery  
  53  6:02  Drone x2  
  55  6:11  Overlord  
  55  6:14  Overlord  
  55  6:24  Drone x2  
  55  6:25  Drone x3  
  60  6:32  Zerg Missile Weapons Level 1  
  60  6:44  Glial Reconstitution  
  60  6:45  Roach x4  
  68  7:01  Drone x2  
  70  7:15  Roach  
  70  7:18  Roach  
  74  7:26  Overlord  
  74  7:48  Roach x4  
  82  7:51  Overlord x4  
  82  7:59  Drone  
  83  8:25  Drone x3  
  83  8:26  Drone x2  
  83  8:27  Drone x2  
  83  8:28  Drone x2, Extractor x2  
  90  8:48  Drone x2  
  92  8:59  Extractor  
  91  9:06  Hydralisk Den  
  91  9:08  Evolution Chamber  
  89  9:17  Drone x6  
  95  9:27  Drone  
  95  9:28  Drone x2  
  98  9:40  Drone  
  98  9:41  Drone x4  
  103  9:54  Roach x3  
  103  9:55  Roach  
  100  10:10  Zerg Missile Weapons Level 2, Zerg Ground Armor Level 1  
  100  10:16  Tunneling Claws  
  94  10:22  Roach x4  
  94  10:27  Drone x6  
  104  10:55  Overlord x2  
  104  11:18  Drone x4  
  110  11:28  Overlord  
  108  11:40  Hatchery, Hydralisk  
  108  11:46  Hatchery, Hydralisk x10  
  108  11:47  Hydralisk x5  
  138  11:55  Unknown  
  138  12:11  Hydralisk x4  
  138  12:13  Overlord x2  
  146  12:32  Extractor  
  145  12:41  Spore Crawler  
  145  12:42  Spine Crawler  
  145  12:45  Extractor  
  142  12:54  Drone  
  142  12:55  Drone x2  
  142  12:56  Drone  
  146  13:00  Hydralisk x6  
  158  13:14  Overlord  
  158  13:15  Overlord  
  158  13:23  Zerg Ground Armor Level 2, Hatchery  
  158  13:28  Hydralisk x3  
  163  13:32  Hydralisk  
  165  13:42  Infestation Pit  
  165  13:44  Hydralisk x2  
  168  13:59  Hatchery  
  167  14:15  Hydralisk x8  
  167  14:16  Hydralisk x2  
  187  14:44  Hatchery  
  187  14:46  Hydralisk x2  
  187  14:49  Overlord x2  
  190  14:50  Overlord  
  190  14:51  Overlord  
  190  15:11  Hydralisk x3  
  190  15:14  Overlord x2  
  190  15:17  Hydralisk x2  
  190  16:13  Hydralisk  
  190  16:14  Hydralisk x4  
  200  16:30  Hive  
  200  16:36  Extractor  
  200  16:38  Drone  
  200  16:58  Extractor  
  199  17:15  Drone  
  196  17:20  Drone x2  
  196  17:21  Drone x2  
  198  17:40  Drone x2  
Tags
 
Add a new tag
Caveats
  • Supply blocks, unpowered buildings, or Contaminate may cause inaccurate times.
  • Supply counts are checked every 10 seconds.